 Dungeon Crawl Stone Soup version 0.22-a0-605-g9281fa2 (webtiles) character file.

2342 sking99 the Fighter (level 9, -2/101 HPs)
             Began as an Ogre Berserker on July 8, 2018.
             Was a Priest of Trog.
             Slain by a gnoll shaman
             ... wielding a +0 club
              (8 damage)
             ... on level 8 of the Dungeon.
             The game lasted 00:15:44 (9942 turns).

sking99 the Fighter (Ogre Berserker)                Turns: 9942, Time: 00:15:44

Health: -2/101     AC:  3    Str: 23    XL:     9   Next: 43%
Magic:  9/9        EV: 10    Int:  8    God:    Trog [***...]
Gold:   407        SH:  0    Dex: 11    Spells: 8/8 levels left

rFire    . . .     SeeInvis .   A - +0 giant spiked club
rCold    . . .     Gourm    .   (shield currently unavailable)
rNeg     . . .     Faith    .   b - +0 animal skin
rPois    .         Spirit   .   (helmet restricted)
rElec    .         Reflect  .   (no cloak)
rCorr    .         Harm     .   (gloves unavailable)
MR       .....                  (boots unavailable)
Stlth    +.........             (no amulet)
HPRegen  0.26/turn              (no ring)
MPRegen  0.11/turn              (no ring)

@: berserk cooldown, hasted and slowed
A: large, unfitting armour, tough skin 1
a: Berserk, Trog's Hand, Renounce Religion


You were on level 8 of the Dungeon.
You worshipped Trog.
Trog was most pleased with you.
You were hungry.

You visited 1 branch of the dungeon, and saw 8 of its levels.

You collected 407 gold pieces.

Inventory:

Hand Weapons
 a - a +0 mace
 s - a +1 whip of holy wrath
 A - a +0 giant spiked club (weapon)
Armour
 b - a +0 animal skin (worn)
Jewellery
 d - an uncursed ring of wizardry {unknown}
 o - an uncursed ring of fire {unknown}
 r - an uncursed ring of protection from cold {unknown}
 u - a +4 ring of intelligence {unknown}
 z - a cursed ring of see invisible {unknown}
Wands
 w - a wand of paralysis (10)
 y - a wand of flame (22)
Scrolls
 e - 2 scrolls of immolation {unknown}
 g - 2 scrolls of magic mapping
 h - a scroll of identify
 j - a scroll of remove curse
 l - a scroll of blinking {unknown}
 v - a scroll of fear {unknown}
Potions
 k - 2 potions of lignification
 n - a potion of cancellation
 p - a potion of berserk rage {unknown}
 q - 6 potions of curing
 t - a potion of brilliance {unknown}
 x - a potion of flight {unknown}
Comestibles
 c - 14 rations
 B - 11 chunks of flesh


   Skills:
 + Level 10.1 Fighting
 * Level 9.7 Maces & Flails
 - Level 2.6 Dodging


You had 8 spell levels left.
You didn't know any spells.
Your spell library was empty.

Dungeon Overview and Level Annotations

Branches:
Dungeon (8/15)             Temple (0/1) D:6            Lair (0/6) D:8

Altars:
Gozag
Nemelex Xobeh
Okawaru
Trog
Uskayaw
Wu Jian
Yredelemnul

Shops:
D:6 *


Innate Abilities, Weirdness & Mutations

You are too large for most types of armour.
You have tough skin. (AC +1)


Message History

You sock the gnoll shaman!
The gnoll shaman is severely wounded.
The gnoll hits you with a flail!
* * * LOW HITPOINT WARNING * * *
The gnoll hits you but does no damage. The gnoll shaman barely misses you.
The gnoll hits you with a club.
* * * LOW HITPOINT WARNING * * *
You hit the gnoll shaman.
The gnoll shaman is almost dead.
Your skin stops crawling.
You feel less resistant to hostile enchantments.
The gnoll barely misses you. x2
The gnoll shaman utters an invocation to its god.
The gnoll shaman is healed somewhat.
The gnoll hits you with a club.
* * * LOW HITPOINT WARNING * * *
The gnoll barely misses you.
You feel better. The gnoll barely misses you. The gnoll hits you with a flail!
* * * LOW HITPOINT WARNING * * *
The gnoll shaman hits you with a club!
You die...

#####
###...#####
#..........
###.......#
#.........##.
#gg...<....
#@#...#.##.
#gg.....#
####.......
#########
#.......#
#.5..)Yl#
#....)§H#
#.......#
#.......#


You could see a gnoll shaman and 3 gnolls.

Vanquished Creatures
  Grinder (D:5)
  Eustachio (D:4)
  Edmund (D:4)
  2 ice beasts
  A black bear (D:5)
  2 sky beasts (D:6)
  3 ogres
  A phantom (D:5)
  A centaur (D:7)
  A wyvern zombie (D:7)
  A scorpion (D:6)
  2 howler monkeys (D:6)
  A crimson imp (D:7)
  2 quasits
  3 hounds
  3 orc priests
  A bullfrog skeleton (D:8)
  Natasha (thrice) (D:4)
  A worker ant (D:5)
  2 iguanas
  3 orc wizards
  2 hound skeletons
  5 gnolls
  6 adders
  An ooze (D:1)
  An adder skeleton (D:5)
  4 worms
  A dart slug (D:1)
  5 leopard geckos
  25 orcs
  10 bats
  6 giant cockroaches
  6 goblins
  9 hobgoblins
  5 quokkas
  3 ball pythons
  9 frilled lizards
  A giant cockroach zombie (D:5)
  A jackal zombie (D:6)
  5 kobolds
  A leopard gecko skeleton (D:4)
  9 rats
151 creatures vanquished.

Vanquished Creatures (others)
  An orc wizard (D:5)
1 creature vanquished.

Grand Total: 152 creatures vanquished

Notes
Turn   | Place    | Note
-------+----------+-------------------------------------------
     0 | D:1      | sking99 the Ogre Berserker began the quest for the Orb.
     0 | D:1      | Reached XP level 1. HP: 24/24 MP: 1/1
   308 | D:1      | Reached XP level 2. HP: 30/32 MP: 2/2
   778 | D:1      | Reached XP level 3. HP: 40/40 MP: 3/3
   942 | D:2      | Reached ** piety under Trog
   945 | D:2      | Reached XP level 4. HP: 19/49 MP: 4/4
  1580 | D:2      | Reached skill level 5 in Fighting
  2202 | D:2      | Reached XP level 5. HP: 56/57 MP: 5/5
  2894 | D:3      | Reached skill level 5 in Maces & Flails
  2916 | D:3      | Found a basalt altar of Yredelemnul.
  3218 | D:3      | Reached XP level 6. HP: 57/67 MP: 6/6
  3620 | D:4      | Noticed Natasha
  3627 | D:4      | Killed Natasha
  3627 | D:4      | Reached skill level 6 in Fighting
  3860 | D:4      | Reached *** piety under Trog
  3914 | D:4      | Noticed Natasha
  3924 | D:4      | Killed Natasha
  3933 | D:4      | Noticed Natasha
  3961 | D:4      | Killed Natasha
  4245 | D:4      | Found a hide-covered altar of Uskayaw.
  4245 | D:4      | Noticed a hand axe
  4245 | D:4      | Noticed a dagger
  4312 | D:4      | Found an ornate altar of the Wu Jian Council.
  4410 | D:4      | Noticed Edmund
  4425 | D:4      | Killed Edmund
  4425 | D:4      | Reached XP level 7. HP: 76/76 MP: 7/7
  4572 | D:4      | Noticed a moth of wrath
  4573 | D:4      | Noticed Eustachio
  4588 | D:4      | Killed Eustachio
  4588 | D:4      | Reached skill level 7 in Fighting
  4840 | D:4      | Found a bloodstained altar of Trog.
  4971 | D:5      | Entered Level 5 of the Dungeon
  5298 | D:5      | Found an opulent altar of Gozag.
  5960 | D:5      | Reached XP level 8. HP: 62/88 MP: 8/8
  6187 | D:5      | Noticed Grinder
  6197 | D:5      | Killed Grinder
  6197 | D:5      | Reached skill level 8 in Fighting
  6622 | D:6      | Found Ecwaph's Assorted Antiques.
  7549 | D:6      | Reached skill level 9 in Fighting
  8011 | D:6      | Found a staircase to the Ecumenical Temple.
  8060 | D:6      | Reached XP level 9. HP: 98/98 MP: 9/9
  9035 | D:7      | Found a sparkling altar of Nemelex Xobeh.
  9535 | D:7      | Found an iron altar of Okawaru.
  9836 | D:8      | Reached skill level 10 in Fighting
  9889 | D:8      | Found a staircase to the Lair.
  9889 | D:8      | Noticed an elephant
  9942 | D:8      | Slain by a gnoll shaman

Vault maps used:
D:1:      nagdon_arrival_double_spiral, skrybe_limestone_x, minmay_lizard_pond
D:2:      minmay_tromino_v7
D:3:      lemuel_coloured_pillars_altar, first_ration
D:4:      tgw_trog, dancing_weapons_uskayaw, nicolae_overflow_hidden_temple,
          uniq_edmund, uniq_eustachio, uniq_natasha
D:5:      basic_altar, uniq_grinder
D:6:      minmay_temple_entry_grid, serial_shops, nicolae_shop_behind_doors
D:7:      okawaru_gym_becter, nemelex_xobeh_ov_fountains_minmay, grunt_ogre_cave
D:8:      david_lair_generic, gammafunk_ghost_spectres, uniq_grum

Skill      XL: |  1  2  3  4  5  6  7  8  9 |
---------------+----------------------------+-----
Maces & Flails | 3 4 5 7 8 9 |  9.7
Fighting       | 5 6 7 9 10 | 10.1
Dodging        | |  2.6

Action                   |  1- 3 |  4- 6 |  7- 9 || total
-------------------------+-------+-------+-------++-------
Melee: Mace              |    79 |   295 |    35 ||   409
       Whip              |       |       |   275 ||   275
       Giant spiked club |       |       |    18 ||    18
Invok: Berserk           |     1 |     4 |    12 ||    17
       Trog's Hand       |       |     5 |     2 ||     7
  Use: Scroll            |       |       |    13 ||    13
       Potion            |       |       |     6 ||     6
 Stab: Sleeping          |     1 |       |     1 ||     2
  Eat: Chunk             |       |    14 |    15 ||    29
       Ration            |       |     1 |     4 ||     5
Armor: Animal skin       |    42 |    67 |    64 ||   173
Dodge: Dodged            |    78 |   215 |   131 ||   424

Table legend:
 A = Spawn XP
 B = Non-spawn XP
 C = Spawn XP percentage of total XP
 D = Spawn monster count
 E = Non-spawn monster count
 F = Spawn count percentage of total count
 G = Total turns spent on level
                    A         B        C        D         E        F      G
               +---------+---------+-------+---------+---------+-------+---------
         Total |       0 |    3347 |   0.0 |       0 |     152 |   0.0 |  9942
               +---------+---------+-------+---------+---------+-------+---------
           D:1 |       0 |      38 |   0.0 |       0 |      20 |   0.0 |  1105
           D:2 |       0 |     136 |   0.0 |       0 |      31 |   0.0 |  1314
           D:3 |       0 |     161 |   0.0 |       0 |      33 |   0.0 |  1060
           D:4 |       0 |     486 |   0.0 |       0 |      16 |   0.0 |  1676
           D:5 |       0 |     904 |   0.0 |       0 |      18 |   0.0 |  1446
           D:6 |       0 |     685 |   0.0 |       0 |      15 |   0.0 |  1721
           D:7 |       0 |     690 |   0.0 |       0 |      10 |   0.0 |  1505
           D:8 |       0 |     247 |   0.0 |       0 |       9 |   0.0 |   115
               +---------+---------+-------+---------+---------+-------+---------
